[Event "XVIII Orsha GM 2020"]
[Site "Orsha"]
[Date "2020.01.19"]
[Round "2.1"]
[White "Lazavik, Denis"]
[Black "Teterev, Vitaly"]
[Result "1/2-1/2"]
[ECO "D78"]
[WhiteElo "2411"]
[BlackElo "2476"]
[Annotator "ChessBase"]
[PlyCount "121"]
[EventDate "2020.01.18"]
[EventType "tourn"]
[EventCountry "BLR"]
[SourceTitle "playchess.com"]
[Source "ChessBase"]
[SourceQuality "1"]
[TimeControl "5400+30"]

1. d4 Nf6 2. c4 g6 3. g3 c6 4. Nf3 Bg7 5. Bg2 d5 6. b3 O-O 7. Bb2 Bf5 8. O-O Nbd7 9. e3 b5 10. cxb5 cxb5 11. Nc3 b4 12. Na4 Ne4 13. a3 a5 14. axb4 axb4 15. Qe1 Qb8 16. Qe2 Rc8 17. Nh4 Be6 18. Rfc1 Nc3 19. Nxc3 Rxa1 20. Bxa1 bxc3 21. Qc2 Bf6 22. Bxc3 Bxh4 23. gxh4 Nf6 24. f3 Bf5 25. Qd1 Qb6 26. Bb2 Ra8 27. Ra1 Rb8 28. Ba3 Qe6 29. Kf2 Bh3 30. Qd3 Bf5 31. Qc3 Ne8 32. Bc5 Qf6 33. Kg1 Qxh4 34. b4 Bh3 35. Bxh3 Qxh3 36. Rf1 Qe6 37. Qd3 Nc7 38. Ra1 Nb5 39. Rb1 Qd7 40. Ra1 Kg7 41. e4 e6 42. e5 Qd8 43. Qe3 Ra8 44. Rxa8 Qxa8 45. Qg5 Qe8 46. h4 h5 47. Kg2 Qd7 48. Qf6+ Kg8 49. Kg3 Qe8 50. Qf4 Qd8 51. Qf6 Qe8 52. Kg2 Nc3 53. Qe7 Qxe7 54. Bxe7 Nb5 55. Bc5 Kg7 56. Kg3 f6 57. exf6+ Kxf6 58. Kf4 Na3 59. Bb6 Kf7 60. Bc5 Kf6 61. Bb6 {[%emt 0:01:45] Ke5+ Ke4+} 1/2-1/2

[Event "XVIII Orsha GM 2020"]
[Site "Orsha"]
[Date "2020.01.19"]
[Round "2.2"]
[White "Bryakin, Mikhail"]
[Black "Zarubitski, Viachaslau"]
[Result "1/2-1/2"]
[ECO "D02"]
[WhiteElo "2442"]
[BlackElo "2451"]
[Annotator "ChessBase"]
[PlyCount "88"]
[EventDate "2020.01.18"]
[EventType "tourn"]
[EventCountry "BLR"]
[SourceTitle "playchess.com"]
[Source "ChessBase"]
[SourceQuality "1"]
[TimeControl "5400+30"]

1. d4 d5 2. Nf3 Nf6 3. c4 c6 4. e3 g6 5. Be2 Bg7 6. O-O O-O 7. Nbd2 Nbd7 8. b3 b6 9. Ba3 Bb7 10. Rc1 Re8 11. cxd5 cxd5 12. Bb5 Bf8 13. Ne5 e6 14. Bxf8 Rxf8 15. f4 Rc8 16. Qe2 Nb8 17. g4 Qe7 18. g5 Nh5 19. Nb1 Rc7 20. Rxc7 Qxc7 21. Bd3 Nd7 22. Nxd7 Qxd7 23. Rc1 Rc8 24. Rxc8+ Qxc8 25. Qc2 Qxc2 26. Bxc2 h6 27. h4 hxg5 28. hxg5 Ng7 29. Nd2 Ne8 30. Nf3 Nd6 31. Ne5 Kf8 32. Bd3 Ke8 33. Kf2 Kd8 34. Ke2 Kc7 35. Kd2 Bc6 36. Kc3 Be8 37. Kb4 Kb7 38. a3 Kc7 39. Ba6 Nf5 40. Ng4 Nd6 41. a4 Bc6 42. Ne5 Be8 43. a5 Bc6 44. Bd3 Be8 1/2-1/2

[Event "XVIII Orsha GM 2020"]
[Site "Orsha"]
[Date "2020.01.19"]
[Round "2.3"]
[White "Nozdrachev, Leonid"]
[Black "Gleizerov, Evgeny"]
[Result "1/2-1/2"]
[ECO "A95"]
[WhiteElo "2404"]
[BlackElo "2508"]
[Annotator "ChessBase"]
[PlyCount "44"]
[EventDate "2020.01.18"]
[EventType "tourn"]
[EventCountry "BLR"]
[SourceTitle "playchess.com"]
[Source "ChessBase"]
[SourceQuality "1"]
[TimeControl "5400+30"]

1. d4 e6 2. c4 f5 3. g3 Nf6 4. Bg2 d5 5. Nf3 Be7 6. O-O O-O 7. Qc2 Ne4 8. Nc3 c6 9. Ne1 Bf6 10. Be3 Nd6 11. cxd5 cxd5 12. Bf4 Nc6 13. e3 g5 14. Bxd6 Qxd6 15. f4 Bd7 16. Nf3 gxf4 17. gxf4 Kh8 18. Ne5 Qe7 19. Kh1 Bxe5 20. dxe5 Rg8 21. Qf2 Rg6 22. Rg1 Rag8 1/2-1/2

[Event "XVIII Orsha GM 2020"]
[Site "Orsha"]
[Date "2020.01.19"]
[Round "2.4"]
[White "Pang, Tao"]
[Black "Zhukovskiy, Vadim M."]
[Result "0-1"]
[ECO "D44"]
[WhiteElo "2367"]
[BlackElo "1898"]
[Annotator "ChessBase"]
[PlyCount "80"]
[EventDate "2020.01.18"]
[EventType "tourn"]
[EventCountry "BLR"]
[SourceTitle "playchess.com"]
[Source "ChessBase"]
[SourceQuality "1"]
[TimeControl "5400+30"]

1. d4 Nf6 2. c4 e6 3. Nc3 d5 4. Nf3 c6 5. Bg5 dxc4 6. e4 b5 7. e5 h6 8. Bh4 g5 9. Nxg5 hxg5 10. Bxg5 Nbd7 11. exf6 Bb7 12. g3 c5 13. d5 Qb6 14. Bg2 O-O-O 15. O-O b4 16. dxe6 Bxg2 17. Kxg2 Qxe6 18. Qd5 Qh3+ 19. Kf3 Nb8 20. Qxf7 Nc6 21. Bf4 Rd3+ 22. Ke4 Rd4+ 23. Ke3 Rxf4 24. Nb5 Rf3+ 25. Ke2 Be7 26. Nxa7+ Nxa7 27. Kxf3 Nc6 28. Qd5 Nd4+ 29. Ke3 Qh6+ 30. f4 Qxf6 31. Rf2 Rd8 32. Qxc4 Nf5+ 33. Kf3 Qc6+ 34. Ke2 Nd4+ 35. Ke3 Bf6 36. Rc1 Nf5+ 37. Ke2 Qe8+ 38. Kf3 Qh5+ 39. g4 Qh3+ 40. Ke2 Re8+ 0-1

[Event "XVIII Orsha GM 2020"]
[Site "Orsha"]
[Date "2020.01.19"]
[Round "2.5"]
[White "Afanasiev, Nikita"]
[Black "Nozdrachev, Vladislav"]
[Result "0-1"]
[ECO "B31"]
[WhiteElo "2516"]
[BlackElo "2494"]
[Annotator "ChessBase"]
[PlyCount "144"]
[EventDate "2020.01.18"]
[EventType "tourn"]
[EventCountry "BLR"]
[SourceTitle "playchess.com"]
[Source "ChessBase"]
[SourceQuality "1"]
[TimeControl "5400+30"]

1. e4 c5 2. Nf3 Nc6 3. Bb5 g6 4. O-O Bg7 5. Bxc6 dxc6 6. d3 Nf6 7. Nc3 O-O 8. h3 Nd7 9. Be3 e5 10. Qd2 Re8 11. Bh6 Bh8 12. a3 Qe7 13. Nd1 Nf8 14. Ne3 Ne6 15. Rae1 a5 16. a4 Nd4 17. Nxd4 cxd4 18. Nc4 Be6 19. b3 b5 20. Nb2 Qh4 21. Qg5 Bf6 22. Qxh4 Bxh4 23. Ra1 f5 24. Bd2 Bd8 25. Kh2 h5 26. Rfe1 f4 27. g3 g5 28. Rg1 Kf7 29. Kg2 Be7 30. Ra2 Bb4 31. Bxb4 axb4 32. Rga1 Rac8 33. Rf1 Bd7 34. f3 fxg3 35. Kxg3 Rg8 36. Kg2 Ke7 37. axb5 cxb5 38. Nd1 g4 39. hxg4 hxg4 40. Nf2 gxf3+ 41. Kxf3 Rcf8+ 42. Ke2 Rg3 43. Raa1 Re3+ 44. Kd2 Ref3 45. Ke2 R3f4 46. Rae1 Kd6 47. Ra1 Kc5 48. Rac1 Be8 49. Ra1 Bh5+ 50. Ke1 Rf3 51. Ra6 Re3+ 52. Kd2 Re2+ 53. Kc1 Bg4 54. Ra1 Rfxf2 55. Rxf2 Rxf2 56. Ra8 Rf1+ 57. Kb2 Kd6 58. Rb8 Bd7 59. Rh8 Ke6 60. Rh6+ Rf6 61. Rh8 Rg6 62. Rb8 Kf6 63. Rd8 Rg7 64. Rb8 Kg5 65. Rb7 Kf4 66. Rc7 Rh7 67. Rc5 Be8 68. Rc8 Re7 69. Rd8 Ke3 70. Rd6 Bh5 71. Kc1 Be2 72. Rh6 Rf7 0-1

[Event "XVIII Orsha GM 2020"]
[Site "Orsha"]
[Date "2020.01.19"]
[Round "3.2"]
[White "Zhukovskiy, Vadim M."]
[Black "Afanasiev, Nikita"]
[Result "1/2-1/2"]
[ECO "B22"]
[WhiteElo "1898"]
[BlackElo "2516"]
[Annotator "ChessBase"]
[PlyCount "53"]
[EventDate "2020.01.18"]
[EventType "tourn"]
[EventCountry "BLR"]
[SourceTitle "playchess.com"]
[Source "ChessBase"]
[SourceQuality "1"]
[TimeControl "5400+30"]

1. e4 c5 2. Nf3 Nc6 3. c3 Nf6 4. e5 Nd5 5. Bc4 Nb6 6. Bb3 c4 7. Bc2 d6 8. exd6 Qxd6 9. O-O Bg4 10. Re1 Ne5 11. Rxe5 Bxf3 12. Qe1 Bc6 13. b3 e6 14. Na3 cxb3 15. axb3 Qc7 16. Nb5 Bxb5 17. Rxb5 a6 18. Rh5 g6 19. Rh3 Bg7 20. Ba3 Nd5 21. Qe4 O-O-O 22. Rd3 Nf4 23. Rxd8+ Rxd8 24. Rd1 f5 25. Qe3 e5 26. g3 Nd5 27. Qc5 1/2-1/2

[Event "XVIII Orsha GM 2020"]
[Site "Orsha"]
[Date "2020.01.19"]
[Round "3.3"]
[White "Gleizerov, Evgeny"]
[Black "Pang, Tao"]
[Result "1/2-1/2"]
[ECO "A30"]
[WhiteElo "2508"]
[BlackElo "2367"]
[Annotator "ChessBase"]
[PlyCount "28"]
[EventDate "2020.01.18"]
[EventType "tourn"]
[EventCountry "BLR"]
[SourceTitle "playchess.com"]
[Source "ChessBase"]
[SourceQuality "1"]
[TimeControl "5400+30"]

1. d4 d5 2. c4 e6 3. g3 dxc4 4. Bg2 c5 5. Nf3 Nc6 6. Qa4 cxd4 7. Nxd4 Qxd4 8. Bxc6+ Bd7 9. Be3 Bxc6 10. Qxc6+ Qd7 11. Qxc4 Nf6 12. Nc3 Rc8 13. Qb3 Bc5 14. Bxc5 Rxc5 1/2-1/2

[Event "XVIII Orsha GM 2020"]
[Site "Orsha"]
[Date "2020.01.19"]
[Round "3.4"]
[White "Zarubitski, Viachaslau"]
[Black "Nozdrachev, Leonid"]
[Result "1/2-1/2"]
[ECO "C65"]
[WhiteElo "2451"]
[BlackElo "2404"]
[Annotator "ChessBase"]
[PlyCount "124"]
[EventDate "2020.01.18"]
[EventType "tourn"]
[EventCountry "BLR"]
[SourceTitle "playchess.com"]
[Source "ChessBase"]
[SourceQuality "1"]
[TimeControl "5400+30"]

1. e4 e5 2. Nf3 Nc6 3. Bb5 Nf6 4. d3 Bc5 5. Bxc6 dxc6 6. h3 O-O 7. O-O Re8 8. Be3 Nd7 9. Nc3 Bf8 10. Ne2 Nc5 11. Ng3 g6 12. Nxe5 Rxe5 13. d4 Rxe4 14. dxc5 Qxd1 15. Raxd1 Re8 16. Bd4 f5 17. Rfe1 Rxe1+ 18. Rxe1 Kf7 19. Ne2 b6 20. Nf4 bxc5 21. Be5 Bd6 22. c4 a5 23. Nd3 Be6 24. Rc1 a4 25. f4 Rd8 26. Kf2 Bxe5 27. Nxe5+ Kf6 28. Ke3 Rd4 29. b3 g5 30. g3 gxf4+ 31. gxf4 Re4+ 32. Kf3 Bf7 33. Nd7+ Kg7 34. Nxc5 Bh5+ 35. Kg3 Re2 36. Nxa4 Rxa2 37. Nc5 Ra5 38. Na4 Bf7 39. Kf2 Kf6 40. Ke3 c5 41. Kd2 Be8 42. Nb2 Bc6 43. Kc3 Be4 44. Na4 Bc6 45. Nxc5 Ra2 46. Re1 Bg2 47. Re6+ Kf7 48. Rh6 Kg7 49. Ra6 Rxa6 50. Nxa6 Bxh3 51. Nxc7 Bg2 52. Kd4 h5 53. Ke3 h4 54. Kf2 Be4 55. Ne6+ Kg6 56. Ng5 Kh5 57. c5 Bd5 58. Nf3 Kg4 59. Nd4 h3 60. Kg1 Kg3 61. Ne2+ Kf3 62. Nd4+ Kxf4 1/2-1/2

[Event "XVIII Orsha GM 2020"]
[Site "Orsha"]
[Date "2020.01.19"]
[Round "3.5"]
[White "Teterev, Vitaly"]
[Black "Bryakin, Mikhail"]
[Result "1/2-1/2"]
[ECO "A11"]
[WhiteElo "2476"]
[BlackElo "2442"]
[Annotator "ChessBase"]
[PlyCount "105"]
[EventDate "2020.01.18"]
[EventType "tourn"]
[EventCountry "BLR"]
[SourceTitle "playchess.com"]
[Source "ChessBase"]
[SourceQuality "1"]
[TimeControl "5400+30"]

1. Nf3 d5 2. g3 Nf6 3. Bg2 c6 4. O-O Bf5 5. c4 e6 6. cxd5 exd5 7. d3 Be7 8. Qb3 Qb6 9. Qc2 Nbd7 10. Nc3 O-O 11. e4 dxe4 12. dxe4 Bg6 13. Be3 Qa5 14. a3 Nd5 15. Bd2 Qb6 16. Na4 Qc7 17. Rfe1 Rfe8 18. Qb3 N5b6 19. Rad1 Nxa4 20. Qxa4 Nc5 21. Qc2 Rad8 22. Bf4 Qb6 23. Ne5 Qb3 24. Qxb3 Nxb3 25. Nxg6 hxg6 26. Bc7 Rd4 27. Rxd4 Nxd4 28. Rd1 Ne6 29. Be5 Rd8 30. Rxd8+ Bxd8 31. Kf1 g5 32. Ke2 Kf8 33. Bh3 Bc7 34. Bc3 g6 35. Bxe6 fxe6 36. Bd4 g4 37. Bxa7 b6 38. a4 Ke7 39. Ke3 Kd7 40. e5 c5 41. a5 bxa5 42. Bxc5 Bxe5 43. b3 Kc6 44. Be7 Bd6 45. Bd8 Kb5 46. f3 gxf3 47. Kxf3 Kb4 48. Ke4 Kxb3 49. Bxa5 Kc4 50. Be1 Kc5 51. h4 Kc6 52. g4 Kd7 53. h5 1/2-1/2

[Event "XVIII Orsha GM 2020"]
[Site "Orsha"]
[Date "2020.01.20"]
[Round "4.3"]
[White "Pang, Tao"]
[Black "Zarubitski, Viachaslau"]
[Result "1-0"]
[ECO "E19"]
[WhiteElo "2367"]
[BlackElo "2451"]
[Annotator "RC"]
[PlyCount "129"]
[EventDate "2020.01.18"]
[EventType "tourn"]
[EventCountry "BLR"]
[SourceTitle "playchess.com"]
[Source "ChessBase"]
[SourceQuality "1"]
[TimeControl "5400+30"]

1. Nf3 Nf6 2. c4 b6 3. g3 Bb7 4. Bg2 e6 5. O-O Be7 6. d4 O-O 7. Nc3 Ne4 8. Qc2 Nxc3 9. Qxc3 d6 10. b4 a5 11. b5 Nd7 12. Bb2 Bf6 13. Qc2 g6 14. Rfd1 Qe7 15. Ne5 dxe5 16. Bxb7 Rab8 17. Bc6 exd4 18. Bxd4 Bxd4 19. Rxd4 Nc5 20. Rad1 Qf6 21. Qd2 Kg7 22. Kg2 Qe5 23. h4 h6 24. e4 Qf6 25. Qe3 Rfd8 26. e5 Qe7 27. Qd2 Rxd4 28. Qxd4 Rf8 29. Rd2 Rg8 30. Rd1 Rh8 31. Rd2 Rf8 32. Kg1 Rg8 33. Kg2 Rf8 34. Kg1 f5 35. exf6+ Qxf6 36. Qe3 Kh7 37. Kg2 Rd8 38. Rxd8 Qxd8 39. Qe5 Qe7 40. h5 gxh5 41. Qxh5 Qf6 42. Qe8 Kg7 43. f4 Qb2+ 44. Kh3 Qf6 45. Kg2 Qf8 46. Qh5 Qf5 47. Qe8 Qc2+ 48. Kh3 Qf5+ 49. Kg2 Qf6 50. Kh2 Qf8 51. Qh5 Qf6 52. Qe8 Qf8 53. Qh5 Qf5 54. Qe8 Qf7 55. Qd8 Qh5+ 56. Kg1 Qf7 57. Be8 Qf6 58. Qxc7+ Kf8 59. Bh5 a4 60. Qxb6 Qa1+ 61. Kg2 Qxa2+ 62. Kh3 Qxc4 63. Qd8+ Kg7 64. Qe7+ Kh8 65. Qf6+ 1-0